 Dungeon Crawl Stone Soup version 0.27-a0-1048-g7ee7857c10 (webtiles) character file.

Game seed: 11457691887704860434

40 Lemonice the Skirmisher (level 3, -2/31 HPs)
             Began as a Palentonga Fighter on Apr 20, 2021.
             Succumbed to an adder's poison
             ... on level 2 of the Dungeon.
             The game lasted 00:01:49 (1198 turns).

Lemonice the Skirmisher (Palentonga Fighter)        Turns: 1198, Time: 00:01:50

Health: -2/31      AC:  6    Str: 19    XL:     3   Next: 30%
Magic:  3/3        EV:  5    Int:  9    God:
Gold:   0          SH:  8    Dex:  9    Spells: 2/2 levels left

rFire    . . .     SeeInvis +   a - +0 long sword
rCold    . . .     Faith    .   c - +0 kite shield
rNeg     . . .     Spirit   .   b - +0 scale mail
rPois    .         Reflect  .   (no helmet)
rElec    .         Harm     .   (no cloak)
rCorr    .         Rampage  .   (no gloves)
Will     .....                  (no barding)
Stlth    ..........             (no amulet)
HPRegen  0.10/turn              (no ring)
MPRegen  0.08/turn              (no ring)

@: lethally poisoned (-2 -> -10)
A: large, rugged brown scales 3, see invisible, deformed body, roll 1, armoured
tail
a: Rolling Charge


You were on level 2 of the Dungeon.
You visited 1 branch of the dungeon, and saw 2 of its levels.

Inventory:

Hand Weapons
 a - a +0 long sword (weapon)
Armour
 b - a +0 scale mail (worn)
 c - a +0 kite shield (worn)
Scrolls
 e - 3 scrolls of noise {unknown}
 f - a scroll of enchant armour {unknown}
 g - a scroll of brand weapon {unknown}
 h - a scroll of holy word {unknown}
Potions
 d - a potion of might


   Skills:
 + Level 3.3 Fighting
 + Level 2.4 Long Blades
 + Level 2.9 Armour
 + Level 2.7 Shields


You had 2 spell levels left.
You didn't know any spells.
Your spell library was empty.

Dungeon Overview and Level Annotations

Branches:
Dungeon (2/15)

Altars:


Innate Abilities, Weirdness & Mutations

You are completely covered in rugged brown scales. (AC +3, +7% HP)
You have supernaturally acute eyesight. (SInv)
Armour fits poorly on your strangely shaped body.
You can roll at nearby foes to attack.
You have a long armoured tail.


Message History

You hit the kobold.
You kill the kobold!
The adder bites you.
You are poisoned.
The adder poisons you! You block the hobgoblin's attack.
The adder bites you but does no damage.
The hobgoblin hits you but does no damage.
You closely miss the adder. You tail-slap the adder!
The adder is heavily wounded.
You feel sick. You block the adder's attack.
The hobgoblin hits you but does no damage.
The adder bites you but does no damage.
You closely miss the adder.
Your tail-slap misses the adder.
The adder is heavily wounded.
You feel sick. You block the adder's attack. You block the hobgoblin's attack.
The adder bites you but does no damage. The hobgoblin barely misses you.
You riposte.
You slash the hobgoblin!
You kill the hobgoblin!
You closely miss the adder.
Your tail-slap misses the adder.
The adder is heavily wounded.
You feel sick. The adder bites you.
* * * LOW HITPOINT WARNING * * *
You are more poisoned.
The adder poisons you! The adder bites you but does no damage.
You closely miss the adder.
The adder is heavily wounded.
* * * LOW HITPOINT WARNING * * *
You feel very sick. The adder bites you but does no damage.
You block the adder's attack.
You closely miss the adder.
Your tail-slap misses the adder.
The adder is heavily wounded.
* * * LOW HITPOINT WARNING * * *
You feel sick. The adder bites you.
* * * LOW HITPOINT WARNING * * *
You are more poisoned.
The adder poisons you! The adder bites you but does no damage.
Okay, then.
Your scale mail prevents you from hitting the adder.
The adder is heavily wounded.
You die...

#..# #..# #..#
#..#
#######..#####
#g...........##
.......<......##
..............$#
.........S@....#
.........†.)...#
...............#
...............#
....>..........#
S.?...........##
...##.....## ###
#######


You could see an adder.

Vanquished Creatures
  2 dart slugs (D:1)
  2 bats (D:1)
  2 endoplasms (D:1)
  2 giant cockroaches (D:1)
  4 goblins (D:1)
  3 hobgoblins
  9 jackals (D:1)
  3 kobolds
  A ball python (D:1)
  A frilled lizard (D:1)
  A rat (D:1)
30 creatures vanquished.

Notes
Turn   | Place    | Note
-------+----------+-------------------------------------------
     0 | D:1      | Lemonice the Palentonga Fighter began the quest for the
                  | Orb.
     0 | D:1      | Reached XP level 1. HP: 19/19 MP: 1/1
     2 | D:1      | Noticed a human
     2 | D:1      | Noticed a gargoyle
     4 | D:1      | Noticed an ogre
     4 | D:1      | Noticed a demonspawn
     6 | D:1      | Noticed a tengu
     6 | D:1      | Noticed a spriggan
     8 | D:1      | Noticed a ghoul
     8 | D:1      | Noticed a troll
    10 | D:1      | Noticed a vine stalker
    10 | D:1      | Noticed an elf
    12 | D:1      | Noticed a demigod
    12 | D:1      | Noticed a dwarf
    14 | D:1      | Noticed a minotaur
    16 | D:1      | Noticed a merfolk
    18 | D:1      | Noticed a draconian
    20 | D:1      | Noticed an octopode
    20 | D:1      | Noticed a palentonga
    22 | D:1      | Noticed a centaur
    22 | D:1      | Noticed a vampire
    24 | D:1      | Noticed a barachi
    24 | D:1      | Noticed a naga
    26 | D:1      | Noticed a felid
    26 | D:1      | Noticed a formicid
    57 | D:1      | Reached XP level 2. HP: 22/25 MP: 2/2
   720 | D:1      | Reached XP level 3. HP: 29/31 MP: 3/3
  1197 | D:2      | HP: 1/31 [adder (3)]
  1198 | D:2      | Succumbed to an adder's poison

Illustrated notes

Levels and vault maps discovered:
D:1:      kb_arrival_jail, layout_basic, chequers_serial_rivers_room_b
D:2:      layout_rooms

Action                   || total
-------------------------++-------
Melee: Long sword        ||   101
       Tailslap          ||    10
 Abil: Rolling Charge    ||    14
Armor: Scale mail        ||    72
Dodge: Dodged            ||    23
Block: Kite shield       ||    55
       Rpst.: Long sword ||    10

Table legend: (Time is in decaauts)
 A = Elapsed time spent in this place.
 B = Non-inter-level travel time spent in this place.
 C = Inter-level travel time spent in this place.
 D = Time resting spent in this place.
 E = Time spent auto-exploring this place.
 F = Levels seen in this place.
 G = Mean time per level.
                   A        B        C        D        E       F      G
               +--------+--------+--------+--------+--------+-----+--------+
         Total |   1250 |   1228 |     22 |    231 |    780 |   2 |  625.0 |
       Dungeon |   1250 |   1228 |     22 |    231 |    780 |   2 |  625.0 |
               +--------+--------+--------+--------+--------+-----+--------+

Top non-repeatable levels by time:
     D:1: 1232 daAuts
     D:2: 18 daAuts
